3L
NEW AMSTERDAM REPUBLICS @ CHICAGO GOLD SOX
07/29/2026
 
TOP OF THE 1ST
New Amsterdam Republics batting - Pitching for Chicago Gold Sox : RHP Raúl Areola
Pitching: RHP Raúl Areola
Batting: RHB Enrique Morales 0-0: Foul Ball, location: 2F
0-1: Foul Ball, location: 2F
0-2: Foul Ball, location: 2F
0-2: Ball
1-2: Strikes out swinging
Batting: RHB Alfredo Suárez 0-0: Ball
1-0: Bunted foul
1-1: Called Strike
1-2: Strikes out swinging
Batting: RHB António Pérez 0-0: Foul Ball, location: 2F
0-1: Fly out, F9 (Flyball, 9D)
Top of the 1st over - 0 run(s), 0 hit(s), 0 error(s), 0 left on base; New Amsterdam 0 - Chicago 0
BOTTOM OF THE 1ST
Chicago Gold Sox batting - Pitching for New Amsterdam Republics : RHP Bobby Swain
Pitching: RHP Bobby Swain
Batting: LHB Noel Ballard 0-0: Ball
1-0: Called Strike
1-1: Called Strike
1-2: Foul Ball, location: 2F
1-2: Foul Ball, location: 2F
1-2: Ball
2-2: Foul Ball, location: 2F
2-2: Fly out, F1 (Line Drive, 13)
Batting: LHB Joe Cashmore 0-0: Foul Ball, location: 2F
0-1: Ball
1-1: Ball
2-1: Ball
3-1: Base on Balls
Batting: LHB Melvin Castro 0-0: 2-RUN HOME RUN (Flyball, 9D), Distance : 367 ft
Batting: LHB Eddie Flynn 0-0: Swinging Strike
0-1: Ball
1-1: Foul Ball, location: 2F
1-2: Foul Ball, location: 2F
1-2: Ball
2-2: Ball
3-2: Base on Balls
Batting: RHB Ángel Rivera 0-0: Ball
Pickoff Throw to First - Out!
1-0: Called Strike
1-1: Swinging Strike
1-2: Ground out 6-3 (Groundball, 6)
Bottom of the 1st over - 2 run(s), 1 hit(s), 0 error(s), 0 left on base; New Amsterdam 0 - Chicago 2
TOP OF THE 2ND
New Amsterdam Republics batting - Pitching for Chicago Gold Sox : RHP Raúl Areola
Batting: RHB Hank Wilder 0-0: Ball
1-0: Called Strike
1-1: Ball
2-1: Fly out, F9 (Flyball, 9)
Batting: LHB Eric Ward 0-0: Swinging Strike
0-1: Ball
1-1: Called Strike
1-2: Ball
2-2: Fly out, F9 (Flyball, 9S)
Batting: RHB Quincy van Enk 0-0: Ground out 6-3 (Groundball, 6)
Top of the 2nd over - 0 run(s), 0 hit(s), 0 error(s), 0 left on base; New Amsterdam 0 - Chicago 2
BOTTOM OF THE 2ND
Chicago Gold Sox batting - Pitching for New Amsterdam Republics : RHP Bobby Swain
Batting: LHB Arthur Ryan 0-0: Ball
1-0: Called Strike
1-1: Foul Ball, location: 2F
1-2: Ball
2-2: Strikes out looking
Batting: LHB William Wise 0-0: Foul Ball, location: 2F
0-1: Ball
1-1: Foul Ball, location: 2F
1-2: Strikes out swinging
Batting: RHB Matt Love 0-0: Called Strike
0-1: Ball
1-1: Foul Ball, location: 2F
1-2: Ball
2-2: Ball
3-2: Base on Balls
Batting: RHB Rod Jones 0-0: Ball
1-0: Foul Ball, location: 2F
1-1: Foul Ball, location: 2F
1-2: Ball
2-2: Foul Ball, location: 2F
2-2: Ground out 6-3 (Groundball, 6M)
Bottom of the 2nd over - 0 run(s), 0 hit(s), 0 error(s), 1 left on base; New Amsterdam 0 - Chicago 2
TOP OF THE 3RD
New Amsterdam Republics batting - Pitching for Chicago Gold Sox : RHP Raúl Areola
Batting: RHB Cory Hansen 0-0: Called Strike
0-1: Called Strike
0-2: Foul Ball, location: 2F
0-2: Ball
1-2: Strikes out swinging
Batting: RHB Omar Schuler 0-0: Called Strike
0-1: Ball
1-1: Ball
2-1: Swinging Strike
2-2: Reached on error, E4 (Popup, 3D)
Batting: RHB John Burton 0-0: Called Strike
0-1: Ball
1-1: Fly out, F6 (Line Drive, 6)
Batting: RHB Enrique Morales 0-0: Ball
1-0: Ball
2-0: Called Strike
2-1: Fly out, F9 (Flyball, 9S)
Top of the 3rd over - 0 run(s), 0 hit(s), 1 error(s), 1 left on base; New Amsterdam 0 - Chicago 2
BOTTOM OF THE 3RD
Chicago Gold Sox batting - Pitching for New Amsterdam Republics : RHP Bobby Swain
Batting: LHB Noel Ballard 0-0: Ball
1-0: Ball
2-0: Foul Ball, location: 2F
2-1: Ball
3-1: Base on Balls
Batting: LHB Joe Cashmore 0-0: 2-RUN HOME RUN (Flyball, 89XD), Distance : 419 ft
Batting: LHB Melvin Castro 0-0: Called Strike
0-1: Ball
1-1: Ball
2-1: Foul Ball, location: 2F
2-2: Foul Ball, location: 2F
2-2: Foul Ball, location: 2F
2-2: Ball
3-2: Foul Ball, location: 2F
3-2: Fly out, F7 (Flyball, 7)
Batting: LHB Eddie Flynn 0-0: Ball
1-0: Ball
2-0: Ball
3-0: Called Strike
3-1: Foul Ball, location: 2F
3-2: Foul Ball, location: 2F
3-2: Base on Balls
Batting: RHB Ángel Rivera 0-0: Swinging Strike
0-1: Ball
1-1: Fly out, F6 (Popup, 6M)
Batting: LHB Arthur Ryan 0-0: Ball
1-0: Ball
2-0: Called Strike
2-1: Ball
3-1: Base on Balls
Eddie Flynn to second
Batting: LHB William Wise 0-0: Swinging Strike
0-1: Swinging Strike
0-2: Fly out, F2 (Popup, P)
Bottom of the 3rd over - 2 run(s), 1 hit(s), 0 error(s), 2 left on base; New Amsterdam 0 - Chicago 4
TOP OF THE 4TH
New Amsterdam Republics batting - Pitching for Chicago Gold Sox : RHP Raúl Areola
Batting: RHB Alfredo Suárez 0-0: Swinging Strike
0-1: Fly out, F8 (Flyball, 8LM)
Batting: RHB António Pérez 0-0: Called Strike
0-1: Foul Ball, location: 2F
0-2: Foul Ball, location: 2F
0-2: Strikes out looking
Batting: RHB Hank Wilder 0-0: Foul Ball, location: 2F
0-1: Swinging Strike
0-2: Ball
1-2: Foul Ball, location: 2F
1-2: Ground out 4-3 (Groundball, 4)
Top of the 4th over - 0 run(s), 0 hit(s), 0 error(s), 0 left on base; New Amsterdam 0 - Chicago 4
BOTTOM OF THE 4TH
Chicago Gold Sox batting - Pitching for New Amsterdam Republics : RHP Bobby Swain
Batting: RHB Matt Love 0-0: Foul Ball, location: 2F
0-1: Ball
1-1: Foul Ball, location: 2F
1-2: Ground out 6-3 (Groundball, 6)
Batting: RHB Rod Jones 0-0: Ball
1-0: Ball
2-0: Swinging Strike
2-1: Ball
3-1: Called Strike
3-2: Base on Balls
Pitching: RHP Lorenzo Fabián
Batting: LHB Noel Ballard 0-0: Foul Ball, location: 2F
0-1: Ball
1-1: TRIPLE (Line Drive, 8LD)
Rod Jones scores
Batting: LHB Joe Cashmore 0-0: Foul Ball, location: 2F
0-1: Called Strike
0-2: Ball
1-2: Ball
2-2: Ball
3-2: 2-RUN HOME RUN (Flyball, 9D), Distance : 393 ft
Batting: LHB Melvin Castro 0-0: Ball
1-0: Ball
2-0: Ball
3-0: Foul Ball, location: 2F
3-1: Base on Balls
Batting: LHB Eddie Flynn 0-0: Ball
1-0: Ball
2-0: Ball
3-0: Called Strike
3-1: Base on Balls
Melvin Castro to second
Batting: RHB Ángel Rivera 0-0: Grounds into double play, 6-4-3 (Groundball, 6)
Bottom of the 4th over - 3 run(s), 2 hit(s), 0 error(s), 1 left on base; New Amsterdam 0 - Chicago 7
TOP OF THE 5TH
New Amsterdam Republics batting - Pitching for Chicago Gold Sox : RHP Raúl Areola
Batting: LHB Eric Ward 0-0: Fly out, F5 (Popup, 5L)
Batting: RHB Quincy van Enk 0-0: Ball
1-0: Called Strike
1-1: Ground out 6-3 (Groundball, 6S)
Batting: RHB Cory Hansen 0-0: Called Strike
0-1: Swinging Strike
0-2: Fly out, F8 (Flyball, 89M)
Top of the 5th over - 0 run(s), 0 hit(s), 0 error(s), 0 left on base; New Amsterdam 0 - Chicago 7
BOTTOM OF THE 5TH
Chicago Gold Sox batting - Pitching for New Amsterdam Republics : RHP Lorenzo Fabián
Batting: LHB Arthur Ryan 0-0: Called Strike
0-1: Ball
1-1: Swinging Strike
1-2: Ground out 6-3 (Groundball, 6D)
Batting: LHB William Wise 0-0: Called Strike
0-1: Ball
1-1: Foul Ball, location: 2F
1-2: Foul Ball, location: 2F
1-2: Ball
2-2: Strikes out swinging
Batting: RHB Matt Love 0-0: Ground out 6-3 (Groundball, 6)
Bottom of the 5th over - 0 run(s), 0 hit(s), 0 error(s), 0 left on base; New Amsterdam 0 - Chicago 7
TOP OF THE 6TH
New Amsterdam Republics batting - Pitching for Chicago Gold Sox : RHP Raúl Areola
Batting: RHB Omar Schuler 0-0: Called Strike
0-1: Called Strike
0-2: Strikes out swinging
Batting: RHB John Burton 0-0: SINGLE (Groundball, 56D)
Batting: RHB Enrique Morales 0-0: Ball
1-0: Swinging Strike
1-1: Called Strike
1-2: Foul Ball, location: 2F
1-2: Foul Ball, location: 2F
1-2: Strikes out swinging
Batting: RHB Alfredo Suárez 0-0: Ball
1-0: Swinging Strike
1-1: Called Strike
1-2: Strikes out swinging
Top of the 6th over - 0 run(s), 1 hit(s), 0 error(s), 1 left on base; New Amsterdam 0 - Chicago 7
BOTTOM OF THE 6TH
Chicago Gold Sox batting - Pitching for New Amsterdam Republics : RHP Lorenzo Fabián
Batting: RHB Rod Jones 0-0: Ball
1-0: Called Strike
1-1: Foul Ball, location: 2F
1-2: Strikes out looking
Batting: LHB Noel Ballard 0-0: Ball
1-0: Foul Ball, location: 2F
1-1: SINGLE (Groundball, 34S) (infield hit)
Batting: LHB Joe Cashmore 0-0: Called Strike
0-1: Called Strike
0-2: Fly out, F7 (Flyball, 78D)
Batting: LHB Melvin Castro 0-0: SINGLE (Line Drive, 8RM)
Noel Ballard to second
Batting: LHB Eddie Flynn 0-0: Ball
1-0: Called Strike
1-1: Called Strike
1-2: Fly out, F7 (Flyball, 7S)
Bottom of the 6th over - 0 run(s), 2 hit(s), 0 error(s), 2 left on base; New Amsterdam 0 - Chicago 7
TOP OF THE 7TH
New Amsterdam Republics batting - Pitching for Chicago Gold Sox : RHP Raúl Areola
Batting: RHB António Pérez 0-0: Called Strike
0-1: Ball
1-1: Swinging Strike
1-2: Ground out 5-3 (Groundball, 56)
Batting: RHB Hank Wilder 0-0: Foul Ball, location: 2F
0-1: Ball
1-1: Foul Ball, location: 2F
1-2: Foul Ball, location: 2F
1-2: Ground out 5-3 (Groundball, 5)
Batting: LHB Eric Ward 0-0: Called Strike
0-1: Foul Ball, location: 2F
0-2: Fly out, F8 (Flyball, 89M)
Top of the 7th over - 0 run(s), 0 hit(s), 0 error(s), 0 left on base; New Amsterdam 0 - Chicago 7
BOTTOM OF THE 7TH
Chicago Gold Sox batting - Pitching for New Amsterdam Republics : RHP Lorenzo Fabián
Batting: RHB Ángel Rivera 0-0: Ground out 5-3 (Groundball, 5L)
Pitching: RHP Neil Gilliam
Batting: LHB Arthur Ryan 0-0: Called Strike
0-1: Ball
1-1: Ground out 5-3 (Groundball, 56)
Batting: LHB William Wise 0-0: Ground out 4-3 (Groundball, 34D)
Bottom of the 7th over - 0 run(s), 0 hit(s), 0 error(s), 0 left on base; New Amsterdam 0 - Chicago 7
TOP OF THE 8TH
New Amsterdam Republics batting - Pitching for Chicago Gold Sox : RHP Raúl Areola
Now at C: Edward Payne
Batting: RHB Quincy van Enk 0-0: Ball
1-0: Called Strike
1-1: Foul Ball, location: 2F
1-2: Ground out 6-3 (Groundball, 6)
Batting: RHB Cory Hansen 0-0: Called Strike
0-1: Called Strike
0-2: Ball
1-2: Strikes out swinging
Batting: RHB Omar Schuler 0-0: Called Strike
0-1: Ball
1-1: Called Strike
1-2: Ball
2-2: Foul Ball, location: 2F
2-2: Ground out 4-3 (Groundball, 4)
Top of the 8th over - 0 run(s), 0 hit(s), 0 error(s), 0 left on base; New Amsterdam 0 - Chicago 7
BOTTOM OF THE 8TH
Chicago Gold Sox batting - Pitching for New Amsterdam Republics : RHP Neil Gilliam
Batting: RHB Matt Love 0-0: SINGLE (Flyball, 8RS)
Batting: RHB Rod Jones 0-0: Called Strike
0-1: Called Strike
0-2: Ball
1-2: Strikes out swinging
Batting: LHB Noel Ballard 0-0: Foul Ball, location: 2F
0-1: Ball
1-1: Foul Ball, location: 2F
1-2: SINGLE (Groundball, 34) (infield hit)
Matt Love to second
Batting: LHB Joe Cashmore 0-0: Ball
1-0: Ball
2-0: Ball
3-0: Base on Balls
Matt Love to third
Noel Ballard to second
Batting: LHB Melvin Castro 0-0: Ball
1-0: Ball
2-0: Foul Ball, location: 2F
2-1: Grounds into double play, 4-6-3 (Groundball, 4)
Bottom of the 8th over - 0 run(s), 2 hit(s), 0 error(s), 2 left on base; New Amsterdam 0 - Chicago 7
TOP OF THE 9TH
New Amsterdam Republics batting - Pitching for Chicago Gold Sox : RHP Raúl Areola
Pitching: RHP Angus Barlow
Now at 1B: Sam Good
Batting: RHB John Burton 0-0: Ball
1-0: Foul Ball, location: 2F
1-1: Called Strike
1-2: Fly out, F2 (Popup, 25)
Batting: RHB Enrique Morales 0-0: Fly out, F6 (Line Drive, 6M)
Batting: RHB Alfredo Suárez 0-0: Ball
1-0: Called Strike
1-1: Fly out, F7 (Flyball, 7)
Top of the 9th over - 0 run(s), 0 hit(s), 0 error(s), 0 left on base; New Amsterdam 0 - Chicago 7
Monday, March 20th, 2017 - OOTP Baseball 17.12 Build 75